 Dungeon Crawl Stone Soup version 0.30-a0-169-g06f667207d (webtiles) character file.

Game seed: 14162323325828416462

137 qw the Chopper (level 5, -1/32 HPs)
             Began as a Gargoyle Fighter on Sept 30, 2022.
             Slain by Ijyb
             ... wielding a +0 club
              (6 damage)
             ... on level 3 of the Dungeon.
             The game lasted 00:00:50 (2333 turns).

qw the Chopper (Gargoyle Fighter)                   Turns: 2333, Time: 00:00:51

Health: -1/32      AC:  0    Str: 22    XL:     5   Next: 20%
Magic:  5/5        EV: 13    Int:  8    God:
Gold:   844        SH:  0    Dex:  9    Spells: 4/4 levels left

rFire   . . .      SeeInvis .    (weapon currently unavailable)
rCold   . . .      Faith    .    (shield currently unavailable)
rNeg    + . .      Spirit   .    (body armour currently unavailable)
rPois   inf        Reflect  .    (helmet currently unavailable)
rElec   .          Harm     .    (cloak currently unavailable)
rCorr   .          Rampage  .    (gloves currently unavailable)
Will    .....                    (boots currently unavailable)
Stlth   +.........               (no amulet)
HPRegen 0.10/turn                (ring currently unavailable)
MPRegen 0.09/turn                (ring currently unavailable)

@: pig-form (expiring), very quick
A: fast, no casting, sickness immunity, AC +4, small, negative energy resistance
1, (electricity resistance), torment resistance 1, petrification resistance
a: no special abilities


You were on level 3 of the Dungeon.
You were a filthy swine.
You visited 1 branch of the dungeon, and saw 3 of its levels.

You collected 844 gold pieces.


Innate Abilities, Weirdness & Mutations

You are a filthy swine.
You move quickly.
Your equipment is almost entirely melded.
You are incapable of wielding weapons or throwing items.
You cannot cast spells.
You are immune to sickness and miasma.
((Your stone body is resilient. (AC +4)))
You are immune to poison.
You resist negative energy. (rN+)
((You are resistant to electric shocks. (rElec)))
You are resistant to unholy torment.
You are immune to petrification.


   Skills:
 - Level 3.2 Fighting
 + Level 4.7 Axes
 - Level 3.2 Armour
 - Level 3.2 Shields


You had 4 spell levels left.
You didn't know any spells.
Your spell library was empty.

Inventory:

Hand Weapons
 j - a +0 whip
 Y - a +1 war axe (melded)
Armour
 c - a +0 buckler (melded)
 i - a +1 plate armour of poison resistance (melded)
Scrolls
 a - a scroll of immolation {unknown}
 e - a scroll of identify
 k - a scroll of vulnerability {unknown}
Potions
 b - a potion of magic {unknown}
 d - a potion of might
 f - a potion of brilliance {unknown}
 g - 4 potions of curing
 h - a potion of haste {unknown}

Dungeon Overview and Level Annotations

Branches:
Dungeon (3/15)

Altars:

Annotations:
D:3 Ijyb


Message History

The hobgoblin is heavily wounded.
The hobgoblin hits you.
You slash the hobgoblin!
You kill the hobgoblin!
You start resting.
A rat comes into view.
The rat twitches its whiskers.
You slash the rat!
You kill the rat!
Found a ring mail.
You see here a +0 ring mail.
Ijyb the Twisted Goblin comes into view.
She is wielding a +0 club and carrying a wand of polymorph (6).
Ijyb shouts!
Enter note:
Enter note: Ijyb zaps a wand.
You turn into a filthy swine.
Your +1 war axe melds into your body.
Your +0 buckler melds into your body.
Your +1 plate armour of poison resistance melds into your body.
Ijyb misses you.
You hit Ijyb but do no damage. Ijyb hits you with a +0 club.
You closely miss Ijyb. Ijyb hits you with a +0 club.
You hit Ijyb but do no damage. Ijyb hits you with a +0 club.
You barely miss Ijyb. Ijyb hits you with a +0 club!
You closely miss Ijyb. You closely miss Ijyb. Ijyb barely misses you.
You closely miss Ijyb.
Your transformation is almost over.
Ijyb barely misses you.
You miss Ijyb. Ijyb hits you with a +0 club.
You hit Ijyb but do no damage. Ijyb closely misses you.
You hit Ijyb but do no damage. Ijyb hits you with a +0 club.
You die...

#..# .#
##..###.## ..
.......... .#
.#####.### .#
.# #<####..#
##. .#
#........ ...
.# #.####..#
#.#
.#####.......#
#g#
........####.#
#h# #.#####.#
#.###.# #.# .#
#.....# ..# .#
####$.#
#.#####.# ##.#
........# #.#
....# ## #.# #
..#.# #.# ..#
#.#.#
#.####...+


You could see Ijyb.

Vanquished Creatures
  Jessica (D:3)
  Natasha (D:3)
  3 adders (D:2)
  3 dart slugs (D:1)
  An orc (D:3)
  A bat (D:2)
  5 endoplasms
  4 giant cockroaches
  6 goblins
  8 hobgoblins
  4 jackals (D:2)
  2 kobolds
  4 ball pythons
  A frilled lizard (D:1)
  3 rats
47 creatures vanquished.

Vanquished Creatures (others)
  6 plants
6 creatures vanquished.

Grand Total: 53 creatures vanquished

Notes
Turn   | Place    | Note
-------+----------+-------------------------------------------
     0 | D:1      | qw the Gargoyle Fighter began the quest for the Orb.
     0 | D:1      | Reached XP level 1. HP: 14/14 MP: 1/1
     0 | D:1      | 0 ||| qw: Version: 0.2-a-12-gaebbb33
     0 | D:1      | 0 ||| qw: Game counter: 1378
     0 | D:1      | 0 ||| qw: Always use a shield: true
     0 | D:1      | 0 ||| qw: God list: Okawaru
     0 | D:1      | 0 ||| qw: Allow faded altars: false
     0 | D:1      | 0 ||| qw: Do Orc after D:15 true
     0 | D:1      | 0 ||| qw: Do second Lair branch before Depths: true
     0 | D:1      | 0 ||| qw: Lair rune preference: random
     0 | D:1      | 0 ||| qw: Plans: Normal, Zot:1-4, God:TSO, Crypt, Tomb,
                  | Pan, Slime:5, Hells, Abyss, Orb
     0 | D:1      | 0 ||| PLANNING D:1-11
   165 | D:1      | Reached skill level 2 in Axes
   285 | D:1      | You fall into a shaft and drop 1 floor!
   294 | D:2      | 294 ||| UPGRADING to +0 chain mail.
   304 | D:2      | 304 ||| DROPPING +0 scale mail.
   305 | D:2      | 305 ||| UPGRADING to +1 plate armour of poison resistance.
   315 | D:2      | 315 ||| DROPPING +0 chain mail.
   316 | D:2      | 316 ||| READING scroll labelled GAIHOM JILAO.
   317 | D:2      | 317 ||| READING scroll labelled KEACLI XAZATU.
   317 | D:2      | Identified a scroll of acquirement
   317 | D:2      | 317 ||| ACQUIRING 772 gold pieces
   317 | D:2      | Acquired 772 gold pieces
   319 | D:2      | 319 ||| READING scroll labelled GIOJOU XAPONO.
   386 | D:1      | Reached XP level 2. HP: 19/19 MP: 2/2
   399 | D:1      | 399 ||| Stepping ~*~*~tactically~*~*~ (hiding).
   441 | D:1      | 441 ||| Stepping ~*~*~tactically~*~*~ (stealth).
   510 | D:1      | 510 ||| Stepping ~*~*~tactically~*~*~ (hiding).
   518 | D:1      | Reached skill level 3 in Axes
   539 | D:1      | Reached XP level 3. HP: 23/23 MP: 3/3
   828 | D:1      | Found a faded altar of an unknown god.
   978 | D:1      | 978 ||| READING scroll labelled MUC ZUAZOUTEUPS.
   979 | D:1      | 979 ||| READING scroll labelled DOUHIH JUAZ.
   980 | D:1      | 980 ||| READING scroll labelled REJUCH MIJEHA.
   981 | D:1      | 981 ||| DRINKING 2 lumpy sapphire potions.
  1008 | D:2      | 1008 ||| STAIRDANCE
  1041 | D:2      | 1041 ||| STAIRDANCE
  1513 | D:2      | Reached XP level 4. HP: 28/28 MP: 4/4
  1848 | D:2      | Reached skill level 4 in Axes
  1909 | D:2      | 1909 ||| DROPPING ring of wizardry.
  1910 | D:2      | 1910 ||| READING scroll labelled LICSAV TUAFUN.
  1911 | D:2      | 1911 ||| READING scroll labelled UXEARGH TYLIFF.
  1914 | D:2      | 1914 ||| READING scroll labelled UMU DAKEEGIHEM.
  1915 | D:2      | 1915 ||| READING scroll labelled FACIRR WUFU.
  1954 | D:3      | 1954 ||| Stepping ~*~*~tactically~*~*~ (stealth).
  1955 | D:3      | 1955 ||| Stepping ~*~*~tactically~*~*~ (stealth).
  1967 | D:3      | 1967 ||| Stepping ~*~*~tactically~*~*~ (stealth).
  2027 | D:3      | 2027 ||| DROPPING +0 club.
  2087 | D:3      | Noticed Jessica
  2089 | D:3      | Killed Jessica
  2090 | D:3      | Noticed Natasha
  2096 | D:3      | Killed Natasha
  2097 | D:3      | Reached XP level 5. HP: 28/32 MP: 5/5
  2319 | D:3      | Noticed Ijyb
  2331 | D:3      | HP: 5/32 [Ijyb/+0 club (5)]
  2333 | D:3      | Slain by Ijyb

Levels and vault maps discovered:
D:1:      minmay_arrival_open_corners, layout_basic, basic_ecumenical_altar
D:2:      layout_loops_ring, guppyfry_early_lair_pool
D:3:      corexii_shack_village, layout_loops_ring, uniq_ijyb, uniq_natasha,
          uniq_jessica

Skill      XL: |  1  2  3  4 |
---------------+-------------+-----
Axes           | 2 3 4 |  4.7
Fighting       | |  3.2
Armour         | |  3.2
Shields        | |  3.2

Action                   |  1- 3 |  4- 6 || total
-------------------------+-------+-------++-------
Melee: War axe           |    86 |    53 ||   139
       Unarmed           |       |    10 ||    10
  Use: Scroll            |     6 |     4 ||    10
       Potion            |     1 |       ||     1
Armor: Plate armour      |    55 |    33 ||    88
       Scale mail        |     1 |       ||     1
Dodge: Dodged            |    21 |    15 ||    36
Block: Buckler           |    13 |     4 ||    17

Table legend:
 A = Non-vault XP
 B = Vault XP
 C = Vault XP percentage of total XP
 D = Non-vault monster count
 E = Vault monster count
 F = Vault count percentage of total count
                 A         B        C        D         E       F
            +---------+---------+-------+---------+---------+-------
      Total |     124 |      73 |  37.1 |      45 |       2 |   4.3
            +---------+---------+-------+---------+---------+-------
        D:1 |      46 |       0 |   0.0 |      23 |       0 |   0.0
        D:2 |      66 |       0 |   0.0 |      16 |       0 |   0.0
        D:3 |      12 |      73 |  85.9 |       6 |       2 |  25.0
            +---------+---------+-------+---------+---------+-------
